AoeStats
← tarepo

African Clearing

504078306Analyzed
4v4 RM · 28d ago on Sep 3, 2026· 54m 42s· 8 players
Game mode
Random Map
Map size
Large (8 player)
Population
200
Speed
Normal
Resources
Standard
Victory
Conquest
Starting age
Dark Age
Ending age
Imperial Age
RankedLock teamsTeams togetherTeam positionsShared explorationLock speedFull tech treeHidden civsTurbo modeCheats
Victory
Defeat
🇦🇷 Koreans · Argentina
636
+14
🇲🇽 Japanese · Mexico
619
+15
🇦🇷 Lithuanians · Argentina
605
+16
🇧🇷 Jurchens · Brazil
601
+16
🇩🇰 Vikings · Denmark
692
-19
🇦🇷 Aztecs · Argentina
684
-18
🇨🇭 Mongols · Switzerland
561
-14
🇵🇱 Huns · Poland
475
-10
Gods ;*
Itacate
4:11 Loom
19:39 Feudal Age
20:46 Double-Bit Axe
20:51 Town Watch
21:12 Gold Mining
21:12 Stone Mining
21:05 Man-at-Arms
22:18 Scale Mail Armor
22:28 Forging
24:08 Horse Collar
25:06 Wheelbarrow
28:52 Castle Age
26:49 Fletching
30:37 Pikeman
35:31 Imperial Age
34:41 Murder Holes
37:09 Halberdier
40:57 Capped Ram
42:00 Squires
41:45 Arson
46:13 Gold Shaft Mining
47:42 Cavalier
48:22 Husbandry
50:24 Crossbowman
51:25 Gambesons
51:00 Long Swordsman
51:39 Arbalester
DiamanteX3191
16:23 Feudal Age
16:51 Loom
17:20 Man-at-Arms
18:07 Horse Collar
19:23 Town Watch
21:08 Fletching
25:11 Double-Bit Axe
34:24 Castle Age
33:11 Fishing Lines
33:59 Gold Mining
34:52 Wheelbarrow
36:03 Stone Mining
39:04 Ballistics
41:01 Gillnets
41:30 Bow Saw
41:22 Gillnets
46:27 Imperial Age
46:46 Bodkin Arrow
46:41 Treadmill Crane
48:37 Gold Shaft Mining
48:22 Hand Cart
48:23 Murder Holes
48:35 Arrowslits
49:52 Chemistry
48:54 Bracer
50:12 Capped Ram
51:43 Conscription
52:08 Masonry
52:04 Siege Engineers
52:10 Heavy Plow
53:12 Two-Man Saw
54:07 Scale Barding Armor
54:34 Elite War Wagon
Luciano24cm
splashii
PtrCrypto
4:31 Loom
14:25 Feudal Age
15:54 Horse Collar
17:42 Double-Bit Axe
31:15 Castle Age
42:52 Bow Saw
42:50 Elite Skirmisher
45:36 Fletching
47:42 Bodkin Arrow
47:56 Padded Archer Armor
Highlander
3:42 Loom
tarepo
7:09 Loom
18:50 Feudal Age
25:12 Castle Age
24:10 Double-Bit Axe
25:27 Stone Mining
25:33 Horse Collar
27:28 Bow Saw
27:11 Gold Mining
30:18 Bloodlines
29:29 Light Cavalry
31:12 Man-at-Arms
31:55 Squires
33:37 Wheelbarrow
32:54 Town Watch
33:45 Forging
35:09 Long Swordsman
36:34 Husbandry
36:45 Scale Barding Armor
36:43 Scale Mail Armor
38:24 Iron Casting
Connection lost

Rejoining the realm…

Still unreachable

The connection could not be restored.

Session expired

The server has moved on; the page needs a fresh start.